 Dungeon Crawl Stone Soup version 0.28.0-1-gb440e238dd (webtiles) character file.

Game seed: 16855796381552455533

14 Ablot the Grasshopper (level 2, 0/26 HPs)
             Began as a Gnoll Warper on Feb 24, 2022.
             Slain by an adder (2 damage)
             ... on level 2 of the Dungeon.
             The game lasted 00:00:54 (814 turns).

Ablot the Grasshopper (Gnoll Warper)                 Turns: 814, Time: 00:00:55

Health: 0/26       AC:  3    Str: 10    XL:     2   Next: 45%
Magic:  7/7        EV: 12    Int: 12    God:
Gold:   44         SH:  0    Dex: 11    Spells: 8/10 levels left

rFire   . . .      SeeInvis +   o - +2 dagger (elec)
rCold   . . .      Faith    .   (no shield)
rNeg    . . .      Spirit   .   b - +0 leather armour
rPois   .          Reflect  .   (no helmet)
rElec   .          Harm     .   (no cloak)
rCorr   .          Rampage  .   (no gloves)
Will    .....                   (no boots)
Stlth   +.........              (no amulet)
HPRegen 0.08/turn               n - ring of see invisible
MPRegen 0.10/turn               (no ring)

@: lethally poisoned (0 -> -4)
A: fangs 1, strong nose, distributed training
a: no special abilities


You were on level 2 of the Dungeon.
You visited 1 branch of the dungeon, and saw 2 of its levels.

You collected 44 gold pieces.

Inventory:

Hand Weapons
 a - a +0 spear
 o - a +2 dagger of electrocution (weapon)
Missiles
 d - 5 boomerangs of dispersal (quivered)
 h - 5 poisoned darts
 j - 15 arrows
 m - 48 stones
Armour
 b - a +0 leather armour (worn)
Jewellery
 n - a ring of see invisible (left hand)
Scrolls
 c - a scroll of blinking
 e - a scroll of magic mapping {unknown}
 i - 2 scrolls of teleportation {unknown}
 k - a scroll of silence {unknown}
 l - a scroll of amnesia {unknown}
Potions
 f - 3 potions of curing
 g - a potion of haste {unknown}


   Skills:
 + Level 4.5 Fighting
 + Level 0.4 Short Blades
 + Level 0.4 Long Blades
 + Level 0.4 Axes
 + Level 0.4 Maces & Flails
 + Level 4.5 Polearms
 + Level 0.4 Staves
 + Level 0.4 Slings
 + Level 0.4 Bows
 + Level 0.4 Crossbows
 + Level 2.5 Throwing
 + Level 2.5 Armour
 + Level 4.5 Dodging
 + Level 0.4 Stealth
 + Level 0.4 Shields
 + Level 0.4 Unarmed Combat
 + Level 4.9 Spellcasting
 + Level 0.2 Conjurations
 + Level 0.2 Hexes
 + Level 0.2 Summonings
 + Level 0.2 Necromancy
 + Level 5.3 Translocations
 + Level 0.2 Transmutations
 + Level 0.2 Fire Magic
 + Level 0.2 Ice Magic
 + Level 0.2 Air Magic
 + Level 0.2 Earth Magic
 + Level 0.2 Poison Magic
 + Level 0.5 Invocations
 + Level 0.4 Evocations


You had 8 spell levels left.
You knew the following spells:

 Your Spells              Type           Power      Damage    Failure   Level
a - Blink                 Tloc           30%        N/A       4%          2

Your spell library contained the following spells:

 Spells                   Type           Power      Damage    Failure   Level
 Apportation              Tloc           30%        N/A       3%          1
 Gell's Gravitas          Tloc           15%        N/A       9%          3
 Lesser Beckoning         Tloc           15%        N/A       9%          3
 Teleport Other           Tloc           15%        N/A       9%          3
 Animate Skeleton         Necr           6%         N/A       24%         1
 Summon Small Mammal      Summ           12%        N/A       24%         1
 Dazzling Flash           Conj/Hex       6%         N/A       56%         3
 Iskenderun's Mystic Bla  Conj/Tloc      9%         2d4       63%         4
 Manifold Assault         Tloc           15%        N/A       63%         5
 Starburst                Conj/Fire      1%         6d3       100%        6


Dungeon Overview and Level Annotations

Branches:
Dungeon (2/15)

Altars:


Innate Abilities, Weirdness & Mutations

You have very sharp teeth.
Your uncanny sense of smell can sniff out nearby items.
Your experience applies equally to all skills.


Message History

o - a +2 dagger of electrocution (weapon)
You now have 44 gold pieces (gained 13).
An adder and a goblin come into view.
The adder hisses angrily.
The goblin shouts!
You barely miss the goblin. The goblin hits you with a +0 club.
You miss the adder. The goblin hits you but does no damage.
The adder misses you.
You barely miss the adder. The goblin hits you with a +0 club.
The adder misses you.
You barely miss the adder. The adder bites you.
You are poisoned.
The adder poisons you! The goblin hits you but does no damage.
You closely miss the adder.
You feel sick. The adder bites you but does no damage.
The goblin barely misses you. The adder bites you.
You are more poisoned.
The adder poisons you!
You closely miss the adder.
You feel sick. The goblin hits you but does no damage.
The adder closely misses you.
You feel sick.
You hit the goblin.
The goblin is severely wounded.
You feel sick. The goblin hits you with a +0 club.
You hit the goblin. Lightning courses through the goblin!
You kill the goblin!
You feel sick. The adder closely misses you.
You hit the adder. Your bite misses the adder.
The adder is lightly wounded.
You feel sick. The adder barely misses you.
You barely miss the adder.
The adder is lightly wounded.
You feel sick. The adder bites you.
* * * LOW HITPOINT WARNING * * *
You are lethally poisoned!
The adder poisons you!
You closely miss the adder.
The adder is lightly wounded.
* * * LOW HITPOINT WARNING * * *
You feel sick. The adder bites you.
You die...

#.. #. #.#
#. #.# #.
#.# #. #.#
#. #<# #.
#.##########
#.
#....†.....#
#.
#@########.#
#. #S#
#........#
......######
######.# #.#
#.# #.. ###


You could see an adder.

Vanquished Creatures
  2 endoplasms
  A goblin (D:2)
  4 hobgoblins
  A kobold (D:2)
  A ball python (D:2)
  A bat (D:1)
  2 frilled lizards
  A rat (D:2)
13 creatures vanquished.

Notes
Turn   | Place    | Note
-------+----------+-------------------------------------------
     0 | D:1      | Ablot the Gnoll Warper began the quest for the Orb.
     0 | D:1      | Reached XP level 1. HP: 20/20 MP: 6/6
   296 | D:1      | You fall into a shaft and drop 1 floor!
   307 | D:2      | Reached XP level 2. HP: 26/26 MP: 7/7
   315 | D:2      | Learned a level 2 spell: Blink
   814 | D:2      | Slain by an adder

Illustrated notes

Levels and vault maps discovered:
D:1:      amcnicky_arrival_double_pillar, layout_basic
D:2:      layout_loops_ring, chequers_ecumenical_altar_lobes,
          serial_bayou_crossing

Action                   || total
-------------------------++-------
Melee: Spear             ||    35
       Dagger            ||    11
       Bite              ||     2
Armor: Leather armour    ||    10
Dodge: Dodged            ||    13
